 Dungeon Crawl Stone Soup version 0.13-a0-1536-gedae9ec (webtiles) character file.

119 Kae the Vexing (level 3, 0/16 HPs)
             Began as a Spriggan Enchanter on June 9, 2013.
             Slain by a jackal (1 damage)
             ... on Level 2 of the Dungeon.
             The game lasted 00:01:53 (1169 turns).

Kae the Vexing (Spriggan Enchanter)                 Turns: 1169, Time: 00:01:53

HP   0/16        AC  3     Str  5      XL: 3   Next: 25%
MP   3/9         EV 17     Int 16      God:
Gold 81          SH 11     Dex 16      Spells:  2 memorised,  4 levels left

Res.Fire  : . . .   See Invis. : +   j - -1,-2 dagger
Res.Cold  : . . .   Warding    : .   b - +1 robe
Life Prot.: . . .   Conserve   : .   i - +1 buckler
Res.Poison: .       Res.Corr.  : .   (helmet restricted)
Res.Elec. : .       Clarity    : .   (no cloak)
Sust.Abil.: . .     Spirit.Shd : .   (gloves unavailable)
Res.Mut.  : .       Stasis     : .   (boots unavailable)
Res.Rott. : .       Flight     : .   (no amulet)
Saprovore : . . .                    (no ring)
                                     (no ring)

@: very quick, slightly resistant to hostile enchantments, quite stealthy
A: unfitting armour, see invisible, herbivore 3, speed 3, slow metabolism 2
a: no special abilities


You were on level 2 of the Dungeon.
You were not hungry.

You visited 1 branch of the dungeon, and saw 2 of its levels.

You collected 61 gold pieces.

Inventory:

Hand weapons
 a - a +1,+1 dagger {=f}
 j - a -1,-2 dagger (weapon)
Missiles
 d - 12 darts (quivered)
Armour
 b - a +1 robe (worn)
 i - a +1 buckler (worn)
Comestibles
 p - a bread ration
Scrolls
 h - a scroll of remove curse
Jewellery
 q - a cursed ring of teleportation {unknown}
Potions
 e - a potion of porridge
 f - a potion of brilliance {unknown}
 g - a potion of might {unknown}
 o - a potion of curing {unknown}
Books
 c - a book of Maledictions

   Spells                             Type                      Level
   *Corona                            Hexes                        1
   Sure Blade                         Hexes/Charms                 2
   *Ensorcelled Hibernation           Hexes/Ice                    2
   Confuse                            Hexes                        3
   Enslavement                        Hexes                        4
   Invisibility                       Hexes                        6


   Skills:
 + Level 1.7 Short Blades
 - Level 1.1 Throwing
 - Level 3.0 Dodging
 + Level 4.0 Stealth
 + Level 2.5 Spellcasting
 + Level 4.0 Hexes


You had 4 spell levels left.
You knew the following spells:

 Your Spells              Type           Power        Failure   Level  Hunger
a - Corona                Hex            ##.....      6%          1    #......
b - Ensorcelled Hibernat  Hex/Ice        #.....       17%         2    ##.....


Dungeon Overview and Level Annotations

Branches:
Dungeon (2/27)

Altars:


Innate Abilities, Weirdness & Mutations

You are tiny and cannot use many weapons and most armour.
You have supernaturally acute eyesight.
You are a herbivore.
You cover ground extremely quickly.
You need consume almost no food.


Message History

The jackal completely misses you. The jackal misses you.
The jackal closely misses you. The jackal bites you.
* * * LOW HITPOINT WARNING * * *
Casting: Ensorcelled Hibernation
Confirm with . or Enter, or press ? or * to list all spells.
Aiming: Ensorcelled Hibernation
Press: ? - help, Shift-Dir - straight line, f/p - jackal
Aim: a jackal (heavily wounded)
The jackal looks drowsy...
You block the jackal's attack. You block the jackal's attack.
The jackal barely misses you.
The helpless jackal fails to defend itself.
You slice the jackal!!
You kill the jackal!
Your Stealth skill increases to level 4!
You block the jackal's attack. The jackal closely misses you.
The jackal barely misses you.
You see here a jackal corpse.
Unknown command.
The jackal bites you.
You die...

####..........# .....
#........[....#.......
#......h..............
+......h......##.$....
#....h.h......# ###
##'############ #.h###
##hh.# ###@#####
#......# #......#
#......#########
#......'........
+...<..#########
#......# ###'#### ##.#


You could see 3 jackals.

Vanquished Creatures
  An adder (D:2)
  A giant mite (D:1)
  2 giant geckos (D:1)
  An ooze (D:1)
  A bat (D:1)
  A giant cockroach (D:1)
  2 hobgoblins (D:1)
  A jackal (D:2)
  A giant newt (D:1)
  4 goblins (D:1)
  3 kobolds (D:1)
  3 rats (D:1)
21 creatures vanquished.

Notes
Turn   | Place    | Note
--------------------------------------------------------------
     0 | D:1      | Kae, the Spriggan Enchanter, began the quest for the Orb.
     0 | D:1      | Reached XP level 1. HP: 9/9 MP: 4/4
   523 | D:1      | Reached XP level 2. HP: 13/13 MP: 6/6
   542 | D:1      | Learned a level 2 spell: Ensorcelled Hibernation
  1103 | D:2      | Reached skill level 4 in Hexes
  1103 | D:2      | Reached XP level 3. HP: 16/16 MP: 1/9
  1169 | D:2      | Slain by a jackal

Action                   || total
-------------------------++-------
Melee: Dagger            ||   105
 Cast: Ensorcelled Hiber ||     6
  Use: Scroll            ||     5
 Stab: Sleeping          ||    10
